 Dungeon Crawl Stone Soup version 0.30.1-4-g462c640d31 (webtiles) character file.

Game seed: 5831825306924532185

115406 LynnLen the Unseen (level 16, -25/84 HPs)
             Began as a Spriggan Enchanter on Aug 12, 2023.
             Was the Champion of Dithmenos.
             Killed from afar by Nikola (34 damage)
             ... with an arc of chain lightning
             ... on level 2 of the Swamp on Aug 13, 2023.
             The game lasted 02:15:17 (37739 turns).

LynnLen the Unseen (Spriggan Enchanter)            Turns: 37739, Time: 02:15:18

Health: -25/84     AC: 24    Str:  8    XL:     16   Next: 18%
Magic:  38/38      EV: 24    Int: 20    God:    Dithmenos [******]
Gold:   909        SH:  5    Dex: 12    Spells: 16/49 levels left

rFire   + + +        i - +1 dagger (protect)
rCold   + . .        (no shield)
rNeg    . . .        X - +4 troll leather armour
rPois   +            M - +2 hat
rElec   +            B - +2 cloak
rCorr   +            (gloves unavailable)
SInv    +            (boots unavailable)
Will    ++...        R - amulet of Quff {Reflect rElec rF+++ rCorr Dex-4 SH+5} Stlth ****++++++
                     Z - ring of Twilight {Fly Stlth+}
HPRegen 1.14/turn    O - +4 ring of protection
MPRegen 0.26/turn

%: reflection
@: mighty, resistant, under a protective aura, flying, wreathed by umbra,
studying Dodging, very quick
A: very small, no large weapons, unfitting armour, see invisible, speed 3
a: Renounce Religion, Shadow Step, Shadow Form


You were on level 2 of the Swamp.
You worshipped Dithmenos.
Dithmenos was exalted by your worship.
You visited 5 branches of the dungeon, and saw 25 of its levels.
You also visited: Gauntlet.

You collected 2409 gold pieces.
You spent 1500 gold pieces at shops.

Inventory:

Hand Weapons
 i - a +1 dagger of protection (weapon)
 P - a +0 demon whip of protection
Armour
 k - a scarf of repulsion
 q - a +2 buckler
 y - a scarf of resistance
 B - a +2 cloak (worn)
 M - a +2 hat (worn)
 X - a +4 troll leather armour (worn)
Jewellery
 f - a ring of protection from fire
 r - a ring of resist corrosion
 F - a ring of poison resistance
 G - a ring of ice
 O - a +4 ring of protection (right hand)
 R - the amulet of Quff (around neck) {Reflect rElec rF+++ rCorr Dex-4 SH+5}
   (You found it on level 15 of the Dungeon)

   [amulet of reflection]

   It reflects blocked missile attacks.
   Dex:       It affects your dexterity (-4).
   rF:        It renders you almost immune to fire.
   rElec:     It insulates you from electricity.
   rCorr:     It protects you from acid and corrosion.
   SH:        It affects your SH (+5).
 S - a +5 ring of evasion
 T - a +6 ring of dexterity
 U - the ring "Towk" {rCorr Str+5 Dex-4}
   (You found it in a Gauntlet)

   [ring of resist corrosion]

   Str:       It affects your strength (+5).
   Dex:       It affects your dexterity (-4).
   rCorr:     It protects you from acid and corrosion.
 V - a ring of fire
 Z - the ring of Twilight (left hand) {Fly Stlth+}
   (You found it on level 13 of the Dungeon)

   [ring of flight]

   Fly:       It grants you flight.
   Stlth:     It makes you more stealthy.
Wands
 d - a wand of digging (16)
 o - a wand of flame (72)
 p - a wand of paralysis (24)
 t - a wand of polymorph (31)
 v - a wand of quicksilver (18)
 A - a wand of roots (35)
 W - a wand of mindburst (9)
Scrolls
 b - a scroll of vulnerability
 c - 2 scrolls of brand weapon
 m - 4 scrolls of fog
 n - 3 scrolls of poison
 x - a scroll of teleportation
 C - 2 scrolls of fear
 H - a scroll of butterflies
 Q - 2 scrolls of identify
Potions
 a - a potion of berserk rage
 e - 4 potions of haste
 g - 2 potions of magic
 h - 5 potions of brilliance
 j - 8 potions of attraction
 l - a potion of resistance
 s - 5 potions of ambrosia
 u - 3 potions of mutation
 w - 3 potions of flight
 I - 8 potions of lignification
 J - 8 potions of curing
 L - 3 potions of cancellation
Miscellaneous
 D - a phial of floods (inert)
 Y - a lightning rod (4/4)


   Skills:
 + Level 9.4 Fighting
 - Level 10.0 Short Blades
 + Level 3.5 Armour
 + Level 16.3 Dodging
 + Level 17.4 Stealth
 + Level 17.1 Spellcasting
 - Level 2.4 Conjurations
 * Level 11.4 Hexes
 - Level 8.0 Translocations
 - Level 4.7 Ice Magic
 - Level 1.0 Earth Magic
 + Level 8.3 Invocations


You had 16 spell levels left.
You knew the following spells:

 Your Spells              Type           Power      Damage    Failure   Level
a - Ensorcelled Hibernat  Hex/Ice        98%        N/A       1%          2
b - Confusing Touch       Hex            58%        N/A       1%          3
c - Tukima's Dance        Hex            58%        N/A       1%          3
d - Manifold Assault      Tloc           49%        N/A       1%          4
e - Iron Shot             Conj/Erth      12%        9d3       98%         6
f - Enfeeble              Hex            29%        N/A       36%         7
g - Discord               Hex            29%        N/A       96%         8

Your spell library contained the following spells:

 Spells                   Type           Power      Damage    Failure   Level
 Apportation              Tloc           98%        N/A       1%          1
 Freeze                   Ice            100%       1d10      1%          1
 Dazzling Flash           Conj/Hex       88%        N/A       1%          3
 Frozen Ramparts          Ice            72%        1d11      1%          3
 Summon Guardian Golem    Hex/Summ       40%        N/A       1%          3
 Cause Fear               Hex            29%        N/A       1%          4
 Volatile Blastmotes      Fire/Tloc      66%        2d15      2%          3
 Hailstorm                Conj/Ice       31%        3d8       3%          3
 Necrotise                Necr           68%        1d7       4%          1
 Anguish                  Hex/Necr       20%        N/A       4%          4
 Iskenderun's Mystic Bla  Conj/Tloc      38%        2d9       5%          4
 Summon Mana Viper        Hex/Summ       40%        N/A       12%         5
 Vampiric Draining        Necr           17%        2d7       14%         3
 Dispersal                Tloc           24%        N/A       26%         6
 Olgreb's Toxic Radiance  Pois           17%        N/A       43%         4
 Iskenderun's Battlesphe  Conj           26%        2d8       43%         5
 Agony                    Necr           17%        N/A       78%         5
 Alistair's Intoxication  Tmut/Pois      11%        N/A       78%         5
 Conjure Ball Lightning   Conj/Air       11%        3x3d6     99%         6
 Starburst                Conj/Fire      11%        6d5       99%         6
 Spellforged Servitor     Conj/Summ      11%        N/A       100%        7
 Disjunction              Tloc           24%        N/A       100%        8


Dungeon Overview and Level Annotations

Branches:
Dungeon (15/15)            Temple (1/1) D:6            Lair (5/5) D:11
  Swamp (2/4) Lair:3       Spider (0/4) Lair:3        Slime (0/5) Lair:5
    Orc (2/2) D:9             Elf (0/3) Orc:2        Vaults (0/5) D:13
 Depths (0/4) D:15        Gauntlet (visited)

Altars:
Ashenzari
Cheibriados
Dithmenos
Elyvilon
Fedhas
Gozag
Hepliaklqana
Kikubaaqudgha
Makhleb
Nemelex Xobeh
Okawaru
Qazlal
Ru
Sif Muna
Trog
Uskayaw
Vehumet
Wu Jian
Xom
Yredelemnul
Zin
The Shining One
Jiyva

Shops:
D:1 :   D:3 :   D:6 [   D:13 :!   D:14 (*:   Orc:2 !([(

Annotations:
D:3 3 runed translucent doors, Diggabert's ghost, amateur DECj
Lair:5 3 runed translucent doors
Swamp:1 3 runed translucent doors, airrhodes1's ghost, journeyman SpAr
Swamp:2 Nikola


Innate Abilities, Weirdness & Mutations

You are very small and have problems with some larger weapons.
You are too small for most types of armour.
You have supernaturally acute eyesight. (SInv)
You cover ground extremely quickly. (Speed+++)


Message History

Your shadow barely misses Nikola.
You block the vampire mosquito's attack.
Nikola hits you with a +0 rapier of electrocution!
* * * LOW HITPOINT WARNING * * *
You puncture Nikola!
Nikola is heavily wounded.
The vampire mosquito completely misses you.
You closely miss Nikola.
Nikola is heavily wounded.
Nikola casts a spell at you. The bolt of lightning hits you. You resist.
* * * LOW HITPOINT WARNING * * *
The vampire mosquito misses you.
Unknown command.
You hit Nikola.
Nikola is heavily wounded.
You hit Nikola.
Nikola is heavily wounded.
The vampire mosquito completely misses you.
Nikola splashes around in the water.
You puncture Nikola!
Nikola is heavily wounded.
The vampire mosquito misses you.
Unknown command.
You hit Nikola but do no damage.
Nikola is heavily wounded.
The vampire mosquito barely misses you.
Nikola mumbles some strange words.
Nikola blinks!
The vampire mosquito misses you.
You hit Nikola.
Nikola is heavily wounded.
You block the vampire mosquito's attack.
Nikola casts a spell.
Lightning arcs from Nikola's hands!
The bolt of lightning hits the vampire mosquito!!!!
The vampire mosquito is destroyed!
A bolt of lightning appears from out of thin air!
The bolt of lightning hits you!! You resist.
You die...

♣.~~.♣♣♣ ♣♣.~§.♣ ♣
♣♣♣♣♣♣♣♣♣♣~<♣♣ ♣♣..♣♣
♣ ♣.~.~♣ ♣~~.♣ ♣.~.♣ ♣
♣.~~~♣ ♣~~~♣♣ ♣♣..♣ ♣
♣~~~.♣ ♣~~..♣♣♣♣♣♣♣ ♣
♣....♣♣♣♣♣.~§§§§..♣♣
♣♣..)♣♣~♣♣♣~§§§§~~~♣
♣♣♣~~~~~~....§§§~§~.♣♣
♣.§~~~§~..~~.§§@§§§.~♣
♣~~~~~.......§§@§§..♣♣
♣♣.~~~~..~...<♣§§§§~♣♣
♣~.~~~~...§~~.♣..~♣♣♣
....~~.~~~~~~♣♣..♣♣
~~.§~~.~~~§..~..♣♣♣♣♣♣
~~~~~§§~~.....~...~§.♣
~).~~~~~......~.♣~§~♣♣
...~~~~...~~...~♣...♣


You could see Nikola.

Vanquished Creatures
  2 tentacled monstrosities
  A thorn hunter (Swamp:2)
  A sphinx (D:11)
  2 orc warlords (Orc:2)
  5 eleionomae
  A minotaur (Gauntlet)
  A bunyip (Swamp:1)
  2 fire dragons
  7 hydras
  A vault guard (D:13)
  3 centaur warriors
  Erica (D:11)
  5 death yaks (Lair:4)
  2 two-headed ogres
  An alligator (Swamp:1)
  A death knight (D:15)
  A vampire mage (D:15)
  Urug (Orc:1)
  A tengu warrior (D:13)
  An orc high priest (Orc:1)
  Amaemon (Lair:3)
  A fire crab (Lair:5)
  Nergalle (D:11)
  7 spriggans
  13 skeletal warriors
  7 goliath frogs
  4 bog bodies
  A spriggan druid (Swamp:1)
  Pikel (D:5)
  A deep elf archer (D:11)
  3 oklob plants (Lair:3)
  A necromancer (D:15)
  A frost giant zombie (D:15)
  3 deep elf pyromancers
  2 orc knights
  3 orc sorcerers (Orc:2)
  2 will-o-the-wisps (Swamp:1)
  12 ugly things
  10 cyclopes
  5 manticores
  9 elephants
  8 black mambas
  A guardian serpent (shapeshifter) (D:13)
  3 molten gargoyles (Lair:5)
  A torpor snail (Lair:1)
  An orange demon (Lair:3)
  A gargoyle (D:11)
  12 cane toads
  9 komodo dragons
  3 unseen horrors
  A kobold demonologist (D:11)
  A rime drake (Lair:3)
  A tengu conjurer (D:15)
  7 trolls
  3 meliai
  Grinder (D:6)
  4 tyrant leeches
  7 hornets
  Prince Ribbit (D:5)
  30 blink frogs
  3 dream sheep (Lair:1)
  A jumping spider (D:14)
  15 slime creatures
  2 shadows
  A spriggan skeleton (D:15)
  3 wraiths
  5 wyverns
  31 yaks
  2 steam dragons
  3 redbacks (D:14)
  7 basilisks
  Edmund (D:4)
  9 vampire mosquitoes
  4 wargs
  A glowing shapeshifter zombie (D:15)
  8 swamp worms
  An acid dragon (D:8)
  Duvessa (D:6)
  4 hell hounds (Lair:5)
  12 water moccasins
  A glowing shapeshifter skeleton (D:15)
  A sky beast (D:6)
  30 orc warriors
  2 ice beasts
  2 black bears
  5 wolves (Lair:4)
  9 centaurs
  7 ogres
  2 lemures (D:5)
  15 bullfrogs
  2 kobold brigands
  3 gnoll sergeants
  3 scorpions
  Dowan (D:6)
  9 wights
  17 killer bees
  15 howler monkeys
  4 electric eels (Lair:5)
  8 hounds
  6 jellies
  5 lava snakes (Lair:5)
  24 orc priests
  3 gnoll boudas
  Crazy Yiuf (D:6)
  5 iguanas
  Ijyb (D:5)
  14 orc wizards
  A sleepcap (D:5)
  24 gnolls
  7 adders
  2 white imps
  An ufetubus (D:6)
  2 worms
  A dart slug (D:3)
  87 orcs
  5 ball pythons
  9 endoplasms
  4 giant cockroaches
  9 goblins
  9 hobgoblins
  7 jackals (D:4)
  3 quokkas
  6 bats
  9 frilled lizards
  20 kobolds
  5 rats
743 creatures vanquished.

Vanquished Creatures (collateral kills)
  An orc high priest (Orc:2)
  4 orc warriors
  A centaur (D:12)
  2 wights (D:7)
  An orc priest (Orc:2)
  2 gnolls
  14 orcs
25 creatures vanquished.

Vanquished Creatures (others)
  A vampire mosquito (Swamp:2)
  8 dancing weapons
  2 foxfires (Swamp:1)
11 creatures vanquished.

Grand Total: 779 creatures vanquished

Notes
Turn   | Place    | Note
-------+----------+-------------------------------------------
     0 | D:1      | LynnLen the Spriggan Enchanter began the quest for the Orb.
     0 | D:1      | Reached XP level 1. HP: 9/9 MP: 5/5
   295 | D:1      | Reached XP level 2. HP: 13/13 MP: 6/6
   300 | D:1      | Learned a level 2 spell: Ensorcelled Hibernation
   320 | D:1      | Found Lepol's Book Shop.
   697 | D:1      | Reached XP level 3. HP: 17/17 MP: 8/8
  1806 | D:3      | Reached XP level 4. HP: 21/21 MP: 10/10
  2152 | D:3      | Found Peal's Book Boutique.
  2186 | D:3      | Found a hazy altar of Hepliaklqana.
  2300 | D:3      | Found a runed translucent gate.
  2300 | D:3      | Found a runed translucent gate.
  2302 | D:3      | Found a runed translucent gate.
  2304 | D:3      | Noticed Diggabert's ghost (amateur DECj)
  2517 | D:3      | Reached skill level 5 in Stealth
  2666 | D:3      | Reached skill level 1 in Ice Magic
  2691 | D:3      | Found an ancient bone altar of Kikubaaqudgha.
  2741 | D:3      | Identified the +10 sling of Bytaletz {flame, Fragile rCorr
                  | Str-4 SInv}
  2967 | D:4      | Reached XP level 5. HP: 25/25 MP: 6/12
  2970 | D:4      | Reached skill level 1 in Fighting
  3691 | D:4      | Found a large runed translucent door.
  3695 | D:4      | Found a large runed translucent door.
  3706 | D:4      | Noticed Edmund
  3707 | D:4      | Found a hide-covered altar of Uskayaw.
  3872 | D:4      | Killed Edmund
  3873 | D:4      | Reached XP level 6. HP: 21/30 MP: 0/13
  3945 | D:4      | Found a radiant altar of Vehumet.
  4022 | D:4      | Found an iron altar of Okawaru.
  4035 | D:4      | Reached skill level 5 in Hexes
  4370 | D:5      | Entered Level 5 of the Dungeon
  4403 | D:5      | Noticed an ice beast
  4417 | D:5      | Noticed Ijyb
  4553 | D:5      | Learned a level 3 spell: Confusing Touch
  4557 | D:5      | Learned a level 3 spell: Tukima's Dance
  4762 | D:5      | Killed an ice beast
  4763 | D:5      | Reached skill level 5 in Spellcasting
  4763 | D:5      | Reached XP level 7. HP: 26/34 MP: 12/15
  4812 | D:5      | Killed Ijyb
  5086 | D:5      | Noticed Prince Ribbit
  5255 | D:5      | Killed Prince Ribbit
  5263 | D:5      | Noticed Pikel
  5695 | D:5      | Killed Pikel
  5696 | D:5      | Reached skill level 5 in Dodging
  5696 | D:5      | Reached XP level 8. HP: 20/39 MP: 15/18
  5794 | D:6      | Found a staircase to the Ecumenical Temple.
  5931 | Temple   | Entered the Ecumenical Temple
  6568 | D:6      | Reached XP level 9. HP: 43/43 MP: 18/20
  6600 | D:6      | Noticed Grinder
  6605 | D:6      | Killed Grinder
  6748 | D:6      | Found a burning altar of Makhleb.
  6828 | D:6      | Got Sif Muna's Enchiridion on the Queen Bee and Beckoning
  6866 | D:6      | Noticed Duvessa
  6866 | D:6      | Noticed Dowan
  6880 | D:6      | Found Aqutiufo's Armour Boutique.
  6907 | D:6      | Killed Duvessa
  7121 | D:6      | Killed Dowan
  7286 | D:6      | Found a runed translucent door.
  7287 | D:6      | Noticed Crazy Yiuf
  7294 | D:6      | Killed Crazy Yiuf
  7726 | D:7      | Reached skill level 5 in Short Blades
  7812 | D:7      | Found a shadowy altar of Dithmenos.
  7947 | D:7      | Became a worshipper of Dithmenos the Shadowed
  8973 | D:7      | Reached XP level 10. HP: 45/45 MP: 16/23
 10549 | D:8      | Reached * piety under Dithmenos
 11607 | D:9      | Found a staircase to the Orcish Mines.
 11826 | D:9      | Reached ** piety under Dithmenos
 11832 | D:9      | Reached skill level 10 in Stealth
 11975 | D:9      | Reached skill level 10 in Spellcasting
 12034 | D:9      | Found a blossoming altar of Fedhas.
 12201 | D:10     | Entered Level 10 of the Dungeon
 12259 | D:10     | Noticed a two-headed ogre
 12295 | D:10     | Killed a two-headed ogre
 13196 | D:10     | Reached XP level 11. HP: 54/54 MP: 23/26
 13741 | D:11     | Reached skill level 5 in Fighting
 13798 | D:11     | Noticed a cyan ugly thing
 13805 | D:11     | Killed a cyan ugly thing
 13889 | D:11     | Noticed Nergalle
 14024 | D:11     | Killed Nergalle
 14070 | D:11     | Noticed Erica
 14077 | D:11     | Killed Erica
 14494 | D:10     | Reached *** piety under Dithmenos
 14652 | D:11     | Found a staircase to the Lair.
 14778 | D:11     | Noticed a deep elf archer
 14778 | D:11     | Noticed a sphinx
 14904 | D:11     | Killed a deep elf archer
 15021 | D:11     | Killed a sphinx
 15062 | D:11     | Noticed a fire dragon
 15138 | D:11     | Killed a fire dragon
 15447 | Lair:1   | Entered Level 1 of the Lair of Beasts
 15476 | Lair:1   | Reached XP level 12. HP: 60/60 MP: 29/29
 15698 | Lair:1   | Learned a level 4 spell: Manifold Assault
 15881 | Lair:1   | Reached skill level 10 in Dodging
 15884 | Lair:1   | Reached skill level 10 in Short Blades
 15884 | Lair:1   | Reached skill level 1 in Translocations
 16134 | Lair:1   | Reached skill level 1 in Invocations
 17149 | Lair:2   | Reached **** piety under Dithmenos
 17880 | Lair:3   | Noticed an eight-headed hydra
 17882 | Lair:3   | Found a hole to the Spider Nest.
 18036 | Lair:3   | Killed an eight-headed hydra
 18152 | Lair:3   | Noticed a five-headed hydra
 18179 | Lair:3   | Killed a five-headed hydra
 18453 | Lair:3   | Noticed Amaemon
 18461 | Lair:3   | Reached skill level 5 in Translocations
 18463 | Lair:3   | Killed Amaemon
 18538 | Lair:3   | Noticed a four-headed hydra
 19184 | Lair:3   | Reached XP level 13. HP: 66/66 MP: 28/31
 19285 | Lair:3   | Found a staircase to the Swamp.
 20234 | Lair:4   | Reached ***** piety under Dithmenos
 20519 | Lair:4   | You fall into a shaft and drop 1 floor!
 20519 | Lair:5   | Entered Level 5 of the Lair of Beasts
 20519 | Lair:5   | Noticed a fire dragon
 20519 | Lair:5   | Found a large runed translucent door.
 20519 | Lair:5   | Found a large runed translucent door.
 20522 | Lair:5   | Killed a fire dragon
 21601 | Lair:4   | Reached skill level 15 in Spellcasting
 22232 | D:3      | Bought a manual of Dodging for 800 gold pieces
 22529 | Lair:4   | Reached skill level 5 in Invocations
 23658 | Lair:5   | Reached XP level 14. HP: 72/72 MP: 29/34
 23666 | Lair:5   | Learned a level 6 spell: Iron Shot
 24069 | Lair:5   | Reached skill level 15 in Stealth
 24367 | Lair:5   | Found a runed translucent door.
 24367 | Lair:5   | Found a viscous altar of Jiyva.
 24367 | Lair:5   | Found a staircase to the Slime Pits.
 25352 | D:12     | Found a viscous altar of Jiyva.
 26226 | D:13     | Reached skill level 1 in Conjurations
 26481 | D:13     | Found Ariqiwk's Distillery.
 26837 | D:13     | Found a gate leading to a gauntlet.
 26846 | Gauntlet | Entered a Gauntlet
 26846 | Gauntlet | Found a runed translucent door.
 26846 | Gauntlet | Found a transporter.
 26846 | Gauntlet | Found a runed translucent door.
 26846 | Gauntlet | Found a transporter.
 26852 | Gauntlet | Found a transporter.
 26853 | Gauntlet | Found a transporter.
 26855 | Gauntlet | Found a transporter.
 26898 | Gauntlet | Found a transporter.
 26901 | Gauntlet | Found a transporter.
 26901 | Gauntlet | Found a transporter.
 26915 | Gauntlet | Found a transporter.
 26934 | Gauntlet | Found a transporter.
 26944 | Gauntlet | Found a transporter.
 26954 | Gauntlet | Found a transporter.
 27003 | Gauntlet | Found a transporter.
 27004 | Gauntlet | Found a runed translucent door.
 27023 | Gauntlet | Found a transporter.
 27085 | Gauntlet | Identified the amulet "Goilumui" {Faith -Tele Will- Int+6}
 27175 | Gauntlet | Identified the ring "Towk" {rCorr Str+5 Dex-4}
 27185 | Gauntlet | Identified the +0 plate armour of Wiezaxt {Rampage}
 27228 | Gauntlet | Identified the +1 arbalest "Pokeoth" {heavy, rPois rC+
                  | Will++}
 27235 | Gauntlet | Identified the +5 short sword of the Magi {heavy, Str+2}
 27235 | Gauntlet | Identified the +3 ring mail of Mohafum {rPois Str-4 Dex+7
                  | SInv}
 27443 | D:13     | Identified the ring of Twilight {Fly Stlth+}
 27451 | D:13     | Found a gate to the Vaults.
 27620 | D:13     | Found Bihiemos's Tiny Tomes.
 27828 | D:14     | Found Wahudd's Weapon Boutique.
 27828 | D:14     | Found Osuxops's Assorted Antiques.
 27828 | D:14     | Found Ellituec's Book Boutique.
 28254 | D:14     | Learned a level 7 spell: Enfeeble
 28492 | D:15     | Entered Level 15 of the Dungeon
 28719 | D:13     | Reached ****** piety under Dithmenos
 28720 | D:13     | Reached skill level 1 in Armour
 29007 | D:13     | Reached skill level 1 in Earth Magic
 29644 | D:15     | Found a broken altar of Ashenzari.
 29837 | D:15     | Found a staircase to the Depths.
 29982 | D:14     | Bought a book of Chaos for 700 gold pieces
 29992 | D:14     | Learned a level 8 spell: Discord
 30075 | D:15     | Found a hazy altar of Hepliaklqana.
 30090 | D:15     | Reached XP level 15. HP: 78/78 MP: 33/36
 30605 | D:15     | Identified the amulet of Quff {Reflect rElec rF+++ rCorr
                  | Dex-4 SH+5}
 31478 | Orc:1    | Entered Level 1 of the Orcish Mines
 32294 | Orc:2    | Entered Level 2 of the Orcish Mines
 32783 | Orc:2    | Found a staircase to the Elven Halls.
 32788 | Orc:2    | Reached skill level 15 in Dodging
 32985 | Orc:2    | Found Zautroce's Distillery.
 33236 | Orc:2    | Found Duluewk's Antique Weapon Boutique.
 34045 | Orc:2    | Found Naucroal's Antique Weapon Emporium.
 34049 | Orc:2    | Found Myiminki's Antique Armour Shoppe.
 34849 | Orc:1    | Noticed Urug
 34865 | Orc:1    | Killed Urug
 34899 | Orc:1    | Reached skill level 10 in Hexes
 35378 | Swamp:1  | Entered Level 1 of the Swamp
 35494 | Swamp:1  | Noticed a tentacled monstrosity
 35622 | Swamp:1  | Killed a tentacled monstrosity
 36107 | Swamp:1  | You are sucked into a shaft and drop 1 floor!
 36136 | Swamp:1  | Noticed airrhodes1's ghost (journeyman SpAr)
 36141 | Swamp:1  | Noticed a fenstrider witch
 36142 | Swamp:1  | Found a runed translucent gate.
 36142 | Swamp:1  | Found a runed translucent gate.
 36142 | Swamp:1  | Found a runed translucent gate.
 36880 | Swamp:2  | Identified the +1 pair of gloves of Deset {Will+}
 36880 | Swamp:2  | Noticed Nikola
 36928 | Swamp:2  | Reached XP level 16. HP: 84/84 MP: 35/38
 37135 | Swamp:2  | Noticed a tentacled monstrosity
 37139 | Swamp:2  | Killed a tentacled monstrosity
 37305 | Swamp:2  | Noticed a thorn hunter
 37309 | Swamp:2  | Killed a thorn hunter
 37739 | Swamp:2  | Killed from afar by Nikola

Illustrated notes

Levels and vault maps discovered:
D:1:      dpeg_chamrin_arrival_tetris, layout_rooms, serial_shops, shop
D:2:      layout_rooms
D:3:      layout_loops_corners, kiku_gazebo_pond_becter, lemuel_doored_altar,
          serial_shops, nicolae_shop_window_shopping, gammafunk_ghost_split,
          kennysheep_generic_room_15
D:4:      layout_loops_ring, okawaru_altar_gauntlet_db, jmf_multi_god_temple2,
          uniq_edmund
D:5:      layout_rooms, kennysheep_flooded_box, uniq_ijyb, uniq_prince_ribbit1,
          uniq_pikel
D:6:      layout_loops_ring, makhleb_heckhound_becter, minmay_temple_entry_mist,
          serial_shops, shop, uniq_crazy_yiuf_cottage, uniq_grinder,
          uniq_duvessa
D:7:      layout_loops_ring, mainiacjoe_overflow_paths, minmay_misc_feat_alley,
          serial_bayou_pond_e, chequers_jeans, serial_bayou_pond_c,
          minmay_chambers_of_fives
D:8:      layout_gridville, grunt_ministairs_13
D:9:      layout_rooms, old_standard_altar, david_orc_3
D:10:     layout_loops_corners, grunt_ministairs_9
D:11:     minmay_glassy_protrusions, layout_loops_corners,
          grunt_lair_entry_orc_guard_hut, uniq_nergalle, uniq_erica
D:12:     layout_irregular_city, jiyva_altar_1
D:13:     layout_rooms, david_vaults_5, gauntlet_entry_generic, serial_shops,
          nicolae_take_the_stairs, hangedman_decor_growths,
          nicolae_shop_i_like_small_books_too, roderic_serpentine_path
D:14:     layout_cave_pools, bh_walls_and_bars,
          nicolae_shop_distant_corner_stores
D:15:     gammafunk_depths_entry_grave, layout_basic,
          nicolae_ashenzari_panopticon, nicolae_hepliaklqana_hazy_memory
Temple:   zaba_magenta_temple
Lair:1:   layout_layer_cave
Lair:2:   layout_regular_city, grunt_megastairs_5
Lair:3:   dpeg_oklob_shooting_range, layout_cave_shapes,
          palyth_hydra_swamp_entry, dummy_spider_entry, uniq_amaemon
Lair:4:   layout_long_grid, dreamdust_mushroom_princess
Lair:5:   cheibrodos_lair_end_hotspot, layout_loops_ring, slime_entry_2,
          serial_bayou_lake_a
Swamp:1:  layout_falls_marsh, gammafunk_ghost_split,
          evilmike_swamp_ruin_house_2, swamp_pool4
Swamp:2:  cheibrodos_swamp_heart_of_darkness, layout_basic_swamp,
          hangedman_swamp_pad, infiniplex_staircase_pool_2, uniq_nikola
Orc:1:    layout_caves, uniq_urug
Orc:2:    grunt_orc_community_town_hall, layout_diamond_mine,
          grunt_orc_community_big_house_1, grunt_orc_community_big_house_1,
          grunt_orc_community_house_1, grunt_orc_community_house_2,
          grunt_orc_community_house_2, grunt_orc_community_house_2,
          grunt_orc_community_house_3

Skill      XL: |  1  2  3  4  5  6  7  8  9 10 11 12 13 14 15 |
---------------+----------------------------------------------+-----
Spellcasting   | 3 4 5 6 8 10 12 13 15 16 17 | 17.1
Hexes          | 4 5 6 7 8 11 | 11.4
Dodging        | 3 4 5 7 8 9 11 12 14 16 | 16.3
Short Blades   | 2 3 4 5 7 9 10 | 10.0
Stealth        | 5 6 7 9 10 12 13 14 16 17 | 17.4
Ice Magic      | 1 2 3 4 |  4.7
Fighting       | 1 2 3 4 5 6 7 8 9 |  9.4
Translocations | 5 7 8 |  8.0
Invocations    | 3 5 6 8 |  8.3
Conjurations   | 2 |  2.4
Armour         | 1 3 |  3.5
Earth Magic    | 1 |  1.0

Action                     |  1- 3 |  4- 6 |  7- 9 | 10-12 | 13-15 | 16-18 || total
---------------------------+-------+-------+-------+-------+-------+-------++-------
  Melee: Dagger            |   132 |   192 |   223 |   420 |  2031 |    74 ||  3072
         Punch             |       |     5 |     1 |     2 |    43 |     1 ||    52
         Unarmed           |       |       |     4 |       |       |       ||     4
   Cast: Ensorcelled Hiber |     5 |    27 |    74 |   167 |   281 |     5 ||   559
         Confusing Touch   |       |     1 |    16 |    25 |   102 |     6 ||   150
         Tukima's Dance    |       |       |    10 |    18 |    32 |       ||    60
         Manifold Assault  |       |       |       |       |     9 |       ||     9
 Invoke: Shadow Form       |       |       |       |       |     1 |       ||     1
         Shadow Step       |       |       |       |       |     1 |       ||     1
  Evoke: Wand              |       |       |       |       |     6 |       ||     6
         Phial of floods   |       |       |       |       |       |     1 ||     1
    Use: Scroll            |     2 |     5 |     3 |    12 |    24 |     3 ||    49
         Potion            |       |     1 |     1 |     3 |    11 |     3 ||    19
   Stab: Sleeping          |    13 |    29 |    50 |   132 |   219 |    11 ||   454
         Distracted        |     1 |       |     1 |     2 |     7 |       ||    11
         Confused          |       |     2 |    13 |    23 |   124 |     5 ||   167
 Armour: Robe              |    13 |    13 |     9 |    16 |    20 |       ||    71
         Skin              |       |       |     1 |       |       |       ||     1
         Troll leather arm |       |       |       |       |   153 |     6 ||   159
  Dodge: Dodged            |   124 |   159 |   156 |   388 |  1259 |    21 ||  2107
         Repelled          |       |       |     3 |       |       |       ||     3
  Block: Other             |       |       |       |     3 |   280 |     7 ||   290
         Reflection        |       |       |       |       |    10 |       ||    10
